 Dungeon Crawl Stone Soup version 0.18.1-48-g4cf74bf (webtiles) character file.

12107 Inkary the Fighter (level 11, -2/95 HPs)
             Began as a Hill Orc Fighter on Aug 27, 2016.
             Was a High Priest of Beogh.
             Slain by a sun demon (24 damage)
             ... summoned by an orc high priest
             ... on level 2 of the Orcish Mines.
             The game lasted 00:25:21 (9819 turns).

Inkary the Fighter (Hill Orc Fighter)               Turns: 9819, Time: 00:25:21

Health: -2/95      AC: 22    Str: 22    XL:     11   Next: 88%
Magic:  19/19      EV: 12    Int:  8    God:    Beogh [*****.]
Gold:   1071       SH: 15    Dex: 13    Spells: 0 memorised, 10 levels left

rFire  . . .     SeeInvis .     E - +2 mace (protect)
rCold  x . .     Gourm    .     S - +1 leather armour of Wuuvuff {rElec}
rNeg   . . .     Faith    +     N - +2 shield
rPois  +         Spirit   .     F - +2 helmet "Ehiny" {rPois rC- MR+ Regen+}
rElec  +         Dismiss  .     n - +2 cloak
rCorr  .         Reflect  .     (no gloves)
SustAt .         Harm     .     o - +0 pair of boots
MR     +....                    W - amulet of faith
Stlth  +.........               (no ring)
                                C - +2 ring of strength

@: somewhat resistant to hostile enchantments, very unstealthy
A: walk on water, rugged brown scales 2, blink, frail 1, high mp 1, evolution 1
a: Blink, Smiting, Recall Orcish Followers, Give Item to Named Follower,
Renounce Religion


You were on level 2 of the Orcish Mines.
You worshipped Beogh.
Beogh was extremely pleased with you.
You were not hungry.

You visited 3 branches of the dungeon, and saw 14 of its levels.
You also visited: Ice Cave.

You collected 1071 gold pieces.

Inventory:

Hand Weapons
 v - a +1 dire flail of holy wrath
 E - a +2 mace of protection (weapon)
 K - a +0 morningstar
Missiles
 h - 2 throwing nets (quivered)
Armour
 n - a +2 cloak (worn)
 o - a +0 pair of boots (worn)
 F - the +2 helmet "Ehiny" (worn) {rPois rC- MR+ Regen+}
   (You took it off Robin on level 4 of the Dungeon)

   It makes you vulnerable to cold.
   It protects you from poison.
   It affects your resistance to hostile enchantments.
   It increases your rate of regeneration.
 N - a +2 shield (worn)
 S - the +1 leather armour of Wuuvuff (worn) {rElec}
   (You found it on level 9 of the Dungeon)

   It insulates you from electricity.
 X - a troll hide
Jewellery
 c - an uncursed ring of magical power
 e - an uncursed ring of fire
 p - an uncursed ring of protection from cold
 C - a +2 ring of strength (left hand)
 D - an uncursed ring of positive energy
 W - an amulet of faith (around neck)
Wands
 l - a wand of random effects (6/48)
 M - a wand of disintegration (10/24)
 U - a wand of lightning (12/15)
 V - a wand of slowing (42/48)
Scrolls
 g - a scroll of noise {unknown}
 q - 2 scrolls of teleportation
 r - 2 scrolls of blinking
 s - 2 scrolls of fear
 u - 2 scrolls of enchant weapon {unknown}
 w - a scroll of enchant armour {unknown}
 x - a scroll of random uselessness {unknown}
 y - a scroll of amnesia
 z - a scroll of fog {unknown}
 B - a scroll of remove curse
 H - a scroll of recharging {unknown}
 T - a scroll of acquirement {unknown}
Potions
 a - 2 potions of invisibility
 d - a potion of magic
 i - a potion of resistance
 j - 5 potions of flight
 t - 5 potions of curing
 A - a potion of cure mutation
 J - 3 potions of lignification {unknown}
 L - 2 potions of haste {unknown}
 O - a potion of heal wounds
 Y - 2 potions of agility
Books
 G - a book of Misfortune

   Spells                             Type                      Level
   a - Confusing Touch                Hexes                        2
   b - Confuse                        Hexes                        3
   c - Gell's Gravitas                Hexes/Translocation          3
   d - Petrify                        Transmutation/Earth          4
   e - Metabolic Englaciation         Hexes/Ice                    5
   f - Yara's Violent Unravelling     Hexes/Transmutation          5
 Q - a Young Poisoner's Handbook

   Spells                             Type                      Level
   a - Sting                          Conjuration/Poison           1
   b - Cure Poison                    Poison                       2
   c - Mephitic Cloud                 Conjuration/Poison/Air       3
   d - Olgreb's Toxic Radiance        Poison                       4
   e - Venom Bolt                     Conjuration/Poison           5
Miscellaneous
 I - a plain deck of wonders {drawn: 2}
 P - a fan of gales
Comestibles
 b - a chunk of flesh
 f - 11 bread rations
 k - 11 beef jerkies
 m - a meat ration


   Skills:
 + Level 10.9 Fighting
   Level 3.2(5.3) Axes
 + Level 5.5(5.8) Maces & Flails
 + Level 10.7 Armour
 + Level 3.5 Dodging
 + Level 10.9 Shields
 + Level 8.5 Invocations


You had 10 spell levels left.
You didn't know any spells.

Dungeon Overview and Level Annotations

Branches:
Dungeon (11/15)            Temple (1/1) D:5            Lair (0/8) D:8
    Orc (2/2) D:11            Elf (0/3) Orc:2

Altars:
Ashenzari
Cheibriados
Dithmenos
Elyvilon
Fedhas
Gozag
Kikubaaqudgha
Makhleb
Nemelex Xobeh
Okawaru
Pakellas
Qazlal
Ru
Sif Muna
Vehumet
Xom
Yredelemnul
Zin
The Shining One


Innate Abilities, Weirdness & Mutations

You can walk on water.
You are mostly covered in rugged brown scales (AC +2, +5% HP).
You can translocate small distances at will.
You are frail (-10% HP).
You have an increased reservoir of magic (+10% MP).
You evolve.


Message History

Your orc high priest is healed somewhat.
Spirok roars a battlecry!
Your orc high priest goes into a battle-frenzy!
Spirok closely misses the sun demon.
The two-headed ogre hits you but does no damage.
The two-headed ogre closely misses you.
The orc knight hits you with a battleaxe!!
* * * LOW HITPOINT WARNING * * *
The orc knight hits your orc high priest with a battleaxe.
The orc knight hits your orc priest with a battleaxe!
Your orc priest dies!
The orc knight hits Spirok with a battleaxe!!
Your orc priest hits the sun demon but does no damage.
You are too injured to fight recklessly!
Unknown command.
You swap places.
Your orc priest no longer looks unusually strong.
The sun demon hits you!!
You die...
Beogh appreciates the sun demon's killing of a heretic priest.

### .## ##.. ....# #..#
..#.. # ##......... #
#...#...#.. #
##...4.).... ##
#..Oo#...#.. .#
#.)3ooO).... .#
#.oo@#)..#....# #
#..ooooo......#
#..oo#o..#....#
##...........# ####
#...#...#...# ##..##
##...o.....# ##....##
#..#...#†.# #......#
##..o)...#
##......#######)..######


You could see an orc knight, a sun demon, a two-headed ogre, a red devil, an
ogre, 2 friendly orc knights, the friendly Spirok the orc knight, a friendly orc
high priest, 3 friendly orc warriors, the friendly Wardok the orc warrior, 2
friendly orc priests and 2 friendly orcs.

Vanquished Creatures
  The ghost of ceb the Shield-Bearer, a novice DDFi of Makhleb (D:7)
  A centaur skeleton (D:7)
  A freezing wraith (D:9)
  A two-headed ogre (D:10)
  The ghost of simples the Ducker, an amateur FeCK of Xom (D:5)
  4 yaks
  A hungry ghost (D:10)
  Menkaure (D:5)
  Edmund (D:5)
  Duvessa (D:7)
  2 hell hounds (D:8)
  An orc warrior (D:11)
  2 sky beasts
  3 phantoms
  4 ogres
  A black bear (D:7)
  3 ice beasts
  3 centaurs
  A crocodile (D:9)
  4 big kobolds
  A giant frog (D:7)
  Blork the orc (D:5)
  Dowan (D:7)
  A scorpion (D:10)
  6 killer bees
  A howler monkey (D:8)
  A crimson imp (D:7)
  2 centaur zombies
  A giant frog zombie (D:8)
  2 orc priests (D:3)
  5 hounds
  A jelly (D:5)
  2 orc wizards
  3 iron imps (D:5)
  3 iguanas
  4 worker ants
  A hound skeleton (D:6)
  A worker ant zombie (D:7)
  Robin (D:4)
  8 gnolls
  9 adders
  An ooze (D:1)
  An adder skeleton (D:5)
  3 giant geckos
  23 orcs
  4 giant cockroaches
  10 goblins
  17 hobgoblins
  3 jackals (D:7)
  9 quokkas
  6 ball pythons
  5 bats
  4 giant newts
  A jackal zombie (D:5)
  20 kobolds
  A quokka skeleton (D:7)
  A quokka zombie (D:6)
  6 rats
  A butterfly (D:3)
208 creatures vanquished.

Vanquished Creatures (collateral kills)
  Snorg (D:10)
  A hydra (D:10)
  An ogre mage (Orc:1)
  2 hill giants
  2 orc knights (Orc:2)
  A gargoyle (D:11)
  2 ice devils (D:11)
  3 trolls (D:11)
  3 two-headed ogres (Orc:1)
  11 yaks
  A hippogriff (D:10)
  3 wargs (Orc:2)
  3 orc warriors (Orc:2)
  6 ice beasts
  A sky beast (D:9)
  A black bear (D:9)
  A necrophage (D:10)
  5 ogres
  A phantom (D:11)
  A centaur (D:10)
  A wyvern skeleton (D:11)
  A scorpion (D:11)
  6 killer bees
  3 howler monkeys (D:10)
  A hound (D:8)
  3 orc priests (Orc:2)
  A giant frog skeleton (D:10)
  3 orc wizards (Orc:2)
  2 worker ants (D:10)
  A hound skeleton (D:10)
  A worker ant zombie (D:11)
  An adder (D:11)
  A shadow imp (D:10)
  10 orcs
  2 quokkas
87 creatures vanquished.

Vanquished Creatures (others)
  An orc knight (Orc:2)
  A wasp (D:4)
  5 orc wizards
  3 orc priests (Orc:2)
  17 orcs
27 creatures vanquished.

Grand Total: 322 creatures vanquished

Notes
Turn   | Place    | Note
--------------------------------------------------------------
     0 | D:1      | Inkary the Hill Orc Fighter began the quest for the Orb.
     0 | D:1      | Reached XP level 1. HP: 19/19 MP: 1/1
     8 | D:1      | Reached XP level 2. HP: 27/27 MP: 2/2
   132 | D:1      | Reached XP level 3. HP: 33/33 MP: 3/3
   557 | D:2      | Found a sparkling altar of Nemelex Xobeh.
   665 | D:2      | Reached XP level 4. HP: 41/41 MP: 4/4
   803 | D:2      | Found a stormy altar of Qazlal.
  1098 | D:3      | Found a shimmering altar of Xom.
  1140 | D:3      | Found a deep blue altar of Sif Muna.
  1390 | D:3      | Reached XP level 5. HP: 9/47 MP: 5/5
  1399 | D:3      | Became a worshipper of Beogh the Brigand
  1406 | D:3      | Reached skill level 5 in Fighting
  1427 | D:3      | HP: 2/48 [gnoll/halberd (8)]
  2068 | D:4      | Found a shadowy altar of Dithmenos.
  2115 | D:4      | Found an iron altar of Okawaru.
  2140 | D:4      | Noticed an ogre
  2172 | D:4      | Killed an ogre
  2172 | D:4      | Reached XP level 6. HP: 7/56 MP: 6/6
  2173 | D:4      | Reached skill level 5 in Shields
  2409 | D:4      | Noticed a phantom
  2464 | D:4      | Killed a phantom
  2464 | D:4      | Reached skill level 5 in Armour
  2496 | D:4      | Noticed Robin
  2510 | D:4      | Killed Robin
  2517 | D:4      | Reached * piety under Beogh
  2531 | D:4      | Got a faintly glowing helmet
  2537 | D:4      | Identified the +2 helmet "Ehiny" {rPois rC- MR+ Regen+} (You took it off Robin on level 4 of the Dungeon)
  2606 | D:4      | Reached XP level 7. HP: 61/63 MP: 7/7
  2628 | D:4      | Found a glowing silver altar of Zin.
  2628 | D:4      | Found a glowing golden altar of the Shining One.
  2670 | D:4      | Found a white marble altar of Elyvilon.
  2839 | D:4      | Found a radiant altar of Vehumet.
  2923 | D:4      | Found an oddly glowing altar of Pakellas.
  2923 | D:4      | Noticed an orange crystal statue
  3065 | D:5      | Entered Level 5 of the Dungeon
  3170 | D:5      | Noticed simples's ghost (amateur FeCK)
  3222 | D:5      | Killed simples's ghost
  3240 | D:5      | Found a burning altar of Makhleb.
  3442 | D:5      | Reached XP level 8. HP: 68/73 MP: 8/8
  3456 | D:5      | Noticed Blork the orc
  3484 | D:5      | Killed Blork the orc
  3519 | D:5      | Found an iron altar of Okawaru.
  3547 | D:5      | You fall through a shaft for 3 floors!
  3637 | D:8      | Reached ** piety under Beogh
  3867 | D:8      | Found a staircase to the Lair.
  3988 | D:8      | Reached XP level 9. HP: 65/82 MP: 9/9
  4105 | D:7      | Got a distressingly furry robe
  4116 | D:7      | Identified the +1 robe "Biarr" {MR+ Str-4 Int+7 Stlth+} (You found it on level 7 of the Dungeon)
  4283 | D:7      | Noticed ceb's ghost (novice DDFi)
  4349 | D:7      | Killed ceb's ghost
  4542 | D:7      | Reached skill level 1 in Invocations
  4578 | D:7      | Noticed Duvessa
  4580 | D:7      | Noticed Dowan
  4589 | D:7      | Killed Duvessa
  4596 | D:7      | Killed Dowan
  4632 | D:6      | Found a shattered altar of Ashenzari.
  5100 | D:5      | Noticed Menkaure
  5105 | D:5      | Killed Menkaure
  5358 | D:5      | Found a staircase to the Ecumenical Temple.
  5366 | D:5      | Reached XP level 10. HP: 92/93 MP: 12/12
  5381 | Temple   | Entered the Ecumenical Temple
  5672 | D:5      | Noticed Edmund
  5684 | D:5      | Killed Edmund
  6192 | D:7      | Reached *** piety under Beogh
  6320 | D:7      | Gained mutation: You are frail (-10% HP). [mutagenic meat]
  6321 | D:7      | Gained mutation: You evolve. [mutagenic meat]
  6322 | D:7      | Gained mutation: You have an increased reservoir of magic (+10% MP). [mutagenic meat]
  6323 | D:7      | Gained mutation: You can translocate small distances at will. [mutagenic meat]
  6324 | D:7      | Gained mutation: You are partially covered in rugged brown scales (AC +1, +3% HP). [mutagenic meat]
  6351 | D:7      | Reached skill level 5 in Invocations
  6553 | D:7      | Reached skill level 1 in Maces & Flails
  7476 | D:9      | Got a spiked leather armour
  7487 | D:9      | Identified the +1 leather armour of Wuuvuff {rElec} (You found it on level 9 of the Dungeon)
  7712 | D:10     | Entered Level 10 of the Dungeon
  7715 | D:10     | Reached skill level 10 in Shields
  7811 | D:10     | Found a blossoming altar of Fedhas.
  7867 | D:10     | Gained mutation: You are mostly covered in rugged brown scales (AC +2, +5% HP). [evolution]
  7878 | D:10     | Reached skill level 1 in Dodging
  7883 | D:10     | Reached skill level 10 in Fighting
  7883 | D:10     | Reached skill level 10 in Armour
  7969 | D:10     | Noticed a hill giant
  7972 | D:10     | Noticed Snorg
  7976 | D:10     | Killed a hill giant
  7984 | D:10     | Killed Snorg
  7984 | D:10     | Reached XP level 11. HP: 28/95 MP: 17/17
  8458 | D:11     | Found a frozen archway.
  8463 | D:11     | Noticed a five-headed hydra
  8482 | D:10     | Reached **** piety under Beogh
  8558 | D:10     | Killed a five-headed hydra
  8626 | D:11     | Found a staircase to the Orcish Mines.
  8791 | IceCv    | Entered an ice cave
  8876 | D:11     | Noticed a hill giant
  8885 | D:11     | Killed a hill giant
  8957 | D:11     | Gained Spirok as an ally
  9375 | Orc:1    | Entered Level 1 of the Orcish Mines
  9537 | Orc:1    | Noticed an ogre mage
  9541 | Orc:1    | Killed an ogre mage
  9541 | Orc:1    | Reached skill level 5 in Maces & Flails
  9578 | Orc:2    | Entered Level 2 of the Orcish Mines
  9603 | Orc:2    | Reached ***** piety under Beogh
  9625 | Orc:2    | Found a staircase to the Elven Halls.
  9738 | Orc:2    | Gained Wardok as an ally
  9802 | Orc:2    | Noticed an orc knight
  9803 | Orc:2    | Noticed an orc knight
  9803 | Orc:2    | Noticed an orc knight
  9804 | Orc:2    | Noticed an orc knight
  9804 | Orc:2    | Noticed an orc high priest
  9810 | Orc:2    | Killed an orc knight
  9812 | Orc:2    | Noticed a sun demon
  9815 | Orc:2    | Killed an orc knight
  9819 | Orc:2    | Slain by a sun demon

Skill      XL: |  1  2  3  4  5  6  7  8  9 10 11 |
---------------+----------------------------------+-----
Axes           | 3 |  3.2
Fighting       | 4 5 6 7 8 9 10 | 10.9
Shields        | 4 5 6 7 9 10 | 10.9
Armour         | 4 5 6 7 9 10 | 10.7
Invocations    | 3 6 8 |  8.5
Maces & Flails | 3 5 |  5.5
Dodging        | 1 3 |  3.5

Action                   |  1- 3 |  4- 6 |  7- 9 | 10-12 || total
-------------------------+-------+-------+-------+-------++-------
Melee: War axe           |     3 |       |       |       ||     3
       Spear             |    71 |   169 |    53 |       ||   293
       Mace              |       |       |   560 |   360 ||   920
Throw: Throwing net      |       |       |     1 |       ||     1
Invok: Smiting           |       |       |     6 |     5 ||    11
Evoke: Wand              |       |     2 |     2 |       ||     4
       Deck              |       |       |     2 |       ||     2
  Use: Potion            |       |     2 |     7 |       ||     9
       Scroll            |       |       |     4 |    10 ||    14
 Stab: Distracted        |       |       |       |     6 ||     6
  Eat: Chunk             |       |     6 |    10 |    15 ||    31
       Pizza             |       |       |     1 |       ||     1
       Meat ration       |       |       |       |     1 ||     1
       Royal jelly       |       |       |       |     1 ||     1
Armor: Scale mail        |    13 |    45 |   342 |    83 ||   483
       Leather armour    |       |       |       |   136 ||   136
Dodge: Dodged            |    14 |    24 |   205 |   130 ||   373
Block: Shield            |    23 |    48 |   393 |   380 ||   844
